 Dungeon Crawl Stone Soup version 0.21.1-1-g345015fe64 (webtiles) character file.

5930 HivePlant the Arsonist (level 10, -2/84 HPs)
             Began as a Green Draconian Fire Elementalist on July 9, 2018.
             Was a Follower of Sif Muna.
             Slain by a wolf (4 damage)
             ... on level 1 of the Lair of Beasts.
             The game lasted 02:17:00 (19676 turns).

HivePlant the Arsonist (DrFE)                      Turns: 19676, Time: 02:17:02

Health: -2/84      AC: 10    Str: 11    XL:     10   Next: 54%
Magic:  0/19       EV: 21    Int: 19    God:    Sif Muna [*.....]
Gold:   604        SH:  5    Dex: 16    Spells: 5/21 levels left

rFire    . . .     SeeInvis .   u - +0 trident (protect)
rCold    . . .     Gourm    .   t - +0 buckler
rNeg     . . .     Faith    .   (armour unavailable)
rPois    +         Spirit   .   (helmet restricted)
rElec    .         Reflect  .   y - +0 cloak
rCorr    .         Harm     .   g - +1 pair of gloves
MR       .....                  (no boots)
Stlth    +++.......             (no amulet)
HPRegen  0.24/turn              d - ring of wizardry
MPRegen  0.16/turn              k - ring of flight

@: agile, no casting
A: breathe noxious fumes, unfitting armour, poison resistance, cold-blooded, AC
+7
a: Breathe Noxious Fumes, Stop Divine Energy, Renounce Religion, Evoke Flight


You were on level 1 of the Lair of Beasts.
You worshipped Sif Muna.
Sif Muna was aware of your devotion.
You were hungry.

You visited 3 branches of the dungeon, and saw 13 of its levels.
You also visited: Ossuary.

You collected 604 gold pieces.

Inventory:

Hand Weapons
 u - a +0 trident of protection (weapon)
 C - a +1 dagger of holy wrath
Armour
 g - a +1 pair of gloves (worn)
 t - a +0 buckler (worn)
 y - a +0 cloak (worn)
Jewellery
 d - a ring of wizardry (left hand)
 h - an uncursed amulet of regeneration {unknown}
 k - a ring of flight (right hand)
Wands
 D - a wand of acid (16)
 K - a wand of paralysis (34)
 M - a wand of random effects (28)
 N - a wand of flame (37)
 P - a wand of digging (16)
Scrolls
 e - 6 scrolls of enchant armour
 f - 3 scrolls of enchant weapon {unknown}
 i - 2 scrolls of teleportation
 m - 4 scrolls of remove curse
 q - 5 scrolls of magic mapping {unknown}
 v - 11 scrolls of identify
 w - 2 scrolls of silence {unknown}
 z - a scroll of noise {unknown}
 A - a scroll of fog {unknown}
 B - 2 scrolls of fear {unknown}
 G - 2 scrolls of amnesia
 H - a scroll of torment {unknown}
 J - 3 scrolls of blinking {unknown}
Potions
 c - 2 potions of lignification {unknown}
 j - 3 potions of brilliance {unknown}
 l - a potion of heal wounds {unknown}
 n - 2 potions of degeneration {unknown}
 o - 3 potions of flight {unknown}
 p - 2 potions of agility
 x - a potion of might {unknown}
 E - 5 potions of mutation {unknown}
 F - a potion of cancellation {unknown}
 I - a potion of ambrosia {unknown}
Books
 a - a book of Flames

   Spells                             Type                      Level
   a - Flame Tongue                   Conjuration/Fire             1
   b - Throw Flame                    Conjuration/Fire             2
   c - Conjure Flame                  Conjuration/Fire             3
   d - Inner Flame                    Hexes/Fire                   3
   e - Sticky Flame                   Conjuration/Fire             4
   f - Fireball                       Conjuration/Fire             5
 s - a book of Callings

   Spells                             Type                      Level
   a - Summon Small Mammal            Summoning                    1
   b - Call Imp                       Summoning                    2
   c - Call Canine Familiar           Summoning                    3
   d - Summon Guardian Golem          Hexes/Summoning              3
   e - Summon Lightning Spire         Summoning/Air                4
   f - Summon Ice Beast               Ice/Summoning                4
Miscellaneous
 L - a crystal ball of energy
Comestibles
 b - 4 rations


   Skills:
 + Level 6.6 Fighting
 + Level 5.7 Dodging
 - Level 1.7 Stealth
 - Level 4.0 Shields
 + Level 6.2 Spellcasting
 + Level 4.4 Conjurations
 - Level 3.0 Hexes
 + Level 5.5 Summonings
 - Level 8.0 Fire Magic


You had 5 spell levels left.
You knew the following spells:

 Your Spells              Type           Power        Failure   Level  Hunger
a - Flame Tongue          Conj/Fire      ####.        1%          1    None
b - Throw Flame           Conj/Fire      ####..       1%          2    None
c - Conjure Flame         Conj/Fire      ####....     1%          3    ##.....
d - Call Imp              Summ           ####....     1%          2    None
e - Summon Guardian Gole  Hex/Summ       ###.....     2%          3    ##.....
f - Fireball              Conj/Fire      ####......   10%         5    #####..


Dungeon Overview and Level Annotations

Branches:
Dungeon (10/15)            Temple (1/1) D:7            Lair (2/6) D:9
  Swamp: Lair:2-4    Shoals: Lair:2-4     Snake: Lair:2-4    Spider: Lair:2-4
    Orc: D:9-12

Altars:
Ashenzari
Cheibriados
Dithmenos
Elyvilon
Fedhas
Gozag
Hepliaklqana
Kikubaaqudgha
Makhleb
Nemelex Xobeh
Okawaru
Qazlal
Ru
Sif Muna
Trog
Uskayaw
Vehumet
Wu Jian
Xom
Yredelemnul
Zin
The Shining One

Shops:
D:8 *(

Annotations:
D:10 Nergalle


Innate Abilities, Weirdness & Mutations

You can breathe blasts of noxious fumes.
Your lurid green scales are hard. (AC +7)
You cannot fit into any form of body armour.
Your system is resistant to poisons. (rPois)
You are cold-blooded and may be slowed by cold attacks.


Message History

The puff of flame misses the wolf.
Sif Muna grants you divine energy.
You briefly lose access to your magic!
The wolf misses you. The wolf closely misses you.
You regain access to your magic.
Casting: Throw Flame
Confirm with . or Enter, or press ? or * to list all spells.
Aiming: Flame Tongue
Press: ? - help, Shift-Dir - straight line, f/p - wolf
Aim: a wolf (severely wounded)
The flame tongue misses the wolf.
You block the wolf's attack. The wolf misses you.
Casting: Flame Tongue
Confirm with . or Enter, or press ? or * to list all spells.
A guardian golem appears, shielding your allies.
Sif Muna grants you divine energy.
You briefly lose access to your magic!
The wolf bites you.
* * * LOW HITPOINT WARNING * * *
The wolf bites you.
You die...

##.......# #...# #####
#.......## ####...# #
#...>...P######P#....#######
#...†.......................
#...........................
#...#####...................
#...#.....#.##..####........
##...........#.......#.......
#....#.....#@#.......#.......
##.........#h8+#..###....####
#...#.....#.............#...
#...#.....#..###.#+##..<#...
#...#.....#..#......#...P.##
#...#.....#..#..............
#...+.....5.........#.......
#..?#.....P..#......+.###...
##.........#..#........# #...


You could see a wolf, a friendly guardian golem and a friendly crimson imp.

Vanquished Creatures
  2 centaur skeletons
  A komodo dragon (Lair:1)
  Prince Ribbit (D:6)
  A meliai zombie (D:10)
  Eustachio (D:5)
  Menkaure (D:5)
  2 water moccasins (Lair:1)
  Duvessa (D:5)
  2 ice beasts
  A black bear (D:6)
  2 phantoms
  A sky beast (D:6)
  A necrophage (D:6)
  2 wolves
  4 centaurs
  An ogre (D:5)
  A crocodile (Lair:1)
  The ghost of heresey83 the Magician, an amateur DEWz (D:3)
  5 bullfrogs
  Dowan (D:5)
  2 scorpions
  2 wights (D:8)
  2 killer bees (D:10)
  An electric eel (Lair:1)
  A howler monkey (D:6)
  4 centaur zombies
  A crimson imp (D:8)
  7 hounds
  An orc priest (D:8)
  A bullfrog skeleton (D:6)
  2 iguanas
  9 orc wizards
  3 worker ants
  A killer bee zombie (D:7)
  2 big kobold zombies (Ossuary)
  A hound zombie (D:9)
  2 mummies (Ossuary)
  A howler monkey zombie (D:10)
  2 worker ant zombies
  Robin (D:2)
  10 adders
  A river rat (D:6)
  2 oozes
  2 adder skeletons
  3 adder zombies
  2 worms
  2 dart slugs
  5 leopard geckos
  25 orcs
  6 bats
  4 giant cockroaches
  10 goblins
  6 hobgoblins
  11 jackals
  A quokka (D:3)
  2 ball pythons
  6 frilled lizards
  8 hobgoblin zombies (Ossuary)
  2 jackal zombies (Ossuary)
  8 kobolds
  11 kobold zombies (Ossuary)
  8 orc zombies (Ossuary)
  10 rats
  3 rat zombies (Ossuary)
226 creatures vanquished.

Vanquished Creatures (collateral kills)
  A two-headed ogre (D:10)
  A komodo dragon (D:9)
  A hippogriff (Lair:1)
  A water moccasin (Lair:2)
  An ice beast (D:10)
  3 ogres
  A necrophage (D:8)
  A centaur (D:6)
  A crocodile (Lair:1)
  2 scorpions
  A killer bee (D:10)
  2 crimson imps
  2 hounds
  A centaur skeleton (D:9)
  2 iguanas
  2 orc wizards
  2 worker ants (D:5)
  2 adder skeletons
  8 orcs
  4 jackals
  A quokka (D:5)
40 creatures vanquished.

Vanquished Creatures (others)
  2 fungi
  15 plants
17 creatures vanquished.

Grand Total: 283 creatures vanquished

Notes
Turn   | Place    | Note
-------+----------+-------------------------------------------
     0 | D:1      | HivePlant the Draconian Fire Elementalist began the quest for the Orb.
     0 | D:1      | Reached XP level 1. HP: 14/14 MP: 3/3
   366 | D:1      | Reached XP level 2. HP: 20/20 MP: 0/5
   718 | D:1      | Found a shimmering altar of Xom.
   838 | D:1      | Reached skill level 4 in Fire Magic
  1144 | D:2      | Reached XP level 3. HP: 26/26 MP: 1/6
  1587 | D:2      | Found a faded altar of an unknown god.
  1617 | D:2      | Reached XP level 4. HP: 33/33 MP: 3/7
  1777 | D:2      | Noticed Robin
  1964 | D:2      | Reached skill level 5 in Fire Magic
  2179 | D:3      | Learned a level 2 spell: Throw Flame
  2183 | D:3      | Learned a level 3 spell: Conjure Flame
  2615 | D:3      | Noticed heresey83's ghost (amateur DEWz)
  3060 | D:3      | Reached skill level 1 in Fighting
  3688 | D:4      | Found a sand-covered staircase.
  3693 | Ossuary  | Entered an ossuary
  4132 | Ossuary  | Reached XP level 5. HP: 40/40 MP: 3/8
  4756 | Ossuary  | Reached XP level 6. HP: 40/48 MP: 1/10
  5595 | D:3      | Killed heresey83's ghost
  6258 | D:4      | Learned a level 2 spell: Call Imp
  6280 | D:4      | Reached skill level 6 in Fire Magic
  6280 | D:4      | Your scales start taking on a lurid green colour.
  6280 | D:4      | Reached XP level 7. HP: 57/57 MP: 4/12
  6280 | D:4      | Gained mutation: Your system is resistant to poisons. (rPois) [Green Draconian growth]
  6695 | D:5      | Entered Level 5 of the Dungeon
  6705 | D:5      | Reached skill level 1 in Summonings
  7093 | D:5      | Found a shadowy altar of Dithmenos.
  7094 | D:5      | Found a shattered altar of Ashenzari.
  7189 | D:5      | Noticed Eustachio
  7433 | D:5      | Noticed Dowan
  7436 | D:5      | Noticed Duvessa
  7500 | D:5      | Noticed Menkaure
  7506 | D:5      | Killed Menkaure
  7648 | D:5      | Reached skill level 1 in Shields
  7713 | D:5      | Reached XP level 8. HP: 62/64 MP: 1/14
  8877 | D:5      | Killed Eustachio
  9832 | D:5      | Killed Duvessa
  9838 | D:5      | Killed Dowan
 10070 | D:6      | Noticed Prince Ribbit
 10257 | D:6      | Reached skill level 7 in Fire Magic
 10903 | D:6      | Reached XP level 9. HP: 72/72 MP: 3/16
 11190 | D:6      | Killed Prince Ribbit
 11651 | D:7      | Reached skill level 5 in Fighting
 11651 | D:7      | Reached skill level 5 in Spellcasting
 12489 | D:7      | Learned a level 3 spell: Summon Guardian Golem
 12608 | D:7      | Found a staircase to the Ecumenical Temple.
 12614 | Temple   | Entered the Ecumenical Temple
 12794 | Temple   | Became a worshipper of Sif Muna the Loreminder
 13233 | D:2      | Killed Robin
 13804 | D:8      | Found an iron altar of Okawaru.
 14014 | D:8      | Found Bulizukast's Assorted Antiques.
 14206 | D:8      | Reached skill level 1 in Hexes
 14448 | D:8      | Found Zoibi's Weapon Boutique.
 14452 | D:8      | Found a blossoming altar of Fedhas.
 14550 | D:8      | Noticed a two-headed ogre
 15056 | D:9      | Noticed a komodo dragon
 15065 | D:9      | Killed a komodo dragon
 15831 | D:9      | Reached skill level 5 in Dodging
 16301 | D:9      | Found a staircase to the Lair.
 16712 | D:10     | Entered Level 10 of the Dungeon
 16822 | D:10     | Reached XP level 10. HP: 83/83 MP: 11/18
 16829 | D:10     | Learned a level 5 spell: Fireball
 16914 | D:10     | Reached * piety under Sif Muna
 16925 | D:10     | Noticed a two-headed ogre
 16952 | D:10     | Killed a two-headed ogre
 17490 | D:10     | Reached skill level 5 in Summonings
 17620 | D:10     | Reached skill level 8 in Fire Magic
 18312 | D:10     | Noticed Nergalle
 18368 | Lair:1   | Entered Level 1 of the Lair of Beasts
 19660 | Lair:1   | HP: 3/84 [wolf (7)]
 19671 | Lair:1   | HP: 4/84 [wolf (1)]
 19676 | Lair:1   | HP: 2/84 [wolf (3)]
 19676 | Lair:1   | Slain by a wolf

Skill      XL: |  1  2  3  4  5  6  7  8  9 10 |
---------------+-------------------------------+-----
Fire Magic     | 4 5 6 7 8 |  8.0
Fighting       | 1 2 3 4 5 6 |  6.6
Dodging        | 2 3 4 5 |  5.7
Spellcasting   | 3 4 5 6 |  6.2
Summonings     | 2 3 4 5 |  5.5
Conjurations   | 2 3 4 |  4.4
Shields        | 1 2 4 |  4.0
Hexes          | 2 3 |  3.0
Stealth        | |  1.7

Action                   |  1- 3 |  4- 6 |  7- 9 | 10-12 || total
-------------------------+-------+-------+-------+-------++-------
Melee: Unarmed           |    13 |       |       |       ||    13
       Tailslap          |     1 |     5 |     8 |     4 ||    18
       Dagger            |       |    67 |       |       ||    67
       Trident           |       |       |    73 |    29 ||   102
 Cast: Flame Tongue      |    65 |   177 |   301 |   107 ||   650
       Throw Flame       |       |    27 |    45 |    17 ||    89
       Conjure Flame     |       |     3 |    14 |     5 ||    22
       Call Imp          |       |     4 |   123 |    39 ||   166
       Summon Guardian G |       |       |     7 |     9 ||    16
       Fireball          |       |       |       |     2 ||     2
Invok: Divine Energy     |       |       |       |     1 ||     1
 Abil: Breathe Noxious F |       |       |       |     2 ||     2
  Use: Scroll            |       |     7 |     2 |       ||     9
       Potion            |       |     2 |     2 |     4 ||     8
 Stab: Distracted        |       |       |       |     1 ||     1
  Eat: Chunk             |     3 |     8 |    18 |     4 ||    33
       Ration            |       |     3 |     5 |     2 ||    10
Armor: Skin              |     9 |    27 |   104 |    39 ||   179
Dodge: Dodged            |    22 |    69 |   153 |    96 ||   340
Block: Buckler           |       |       |    38 |    25 ||    63
